 Dungeon Crawl Stone Soup version 0.31.0-12-g77e489cdc1 (webtiles) character file.

Game seed: 904385039153399552

777 Gadfly the Trooper (level 7, -2/74 HPs)
             Began as an Oni Berserker on Feb 24, 2024.
             Was an Elder of Trog.
             Slain by a black bear (4 damage)
             ... on level 4 of the Dungeon.
             The game lasted 00:07:43 (4595 turns).

Gadfly the Trooper (Oni Berserker)                  Turns: 4595, Time: 00:07:44

Health: -2/74      AC:  3    Str: 22    XL:     7   Next: 84%
Magic:  7/7        EV: 10    Int:  8    God:    Trog [****..]
Gold:   187        SH:  0    Dex: 10    Spells: 6/6 levels left

rFire   . . .        b - +3 dagger (venom)
rCold   . . .        (no shield)
rNeg    . . .        e - +0 animal skin
rPois   .            (helmet restricted)
rElec   .            (no cloak)
rCorr   .            (gloves unavailable)
SInv    .            (boots unavailable)
Will    .....        (no amulet)
Stlth   +            (no ring)
HPRegen 0.32/turn    (no ring)
MPRegen 0.10/turn

%: no passive effects
@: attractive
A: large, unfitting armour, horns 1, tough skin 1, double potion healing,
drunken brawling
a: Renounce Religion, Berserk, Trog's Hand, Brothers in Arms


You were on level 4 of the Dungeon.
You worshipped Trog.
Trog was greatly pleased with you.
You visited 1 branch of the dungeon, and saw 4 of its levels.
You also visited: Sewer.

You collected 187 gold pieces.

Inventory:

Hand Weapons
 a - a +0 flail of protection
 b - a +3 dagger of venom (weapon)
Armour
 e - a +0 animal skin (worn)
Scrolls
 d - 4 scrolls of teleportation
Potions
 c - 2 potions of haste
 f - 3 potions of enlightenment
 g - a potion of curing
 j - a potion of degeneration {unknown}
 k - 3 potions of lignification


   Skills:
 + Level 5.8 Fighting
 * Level 5.4 Maces & Flails
 * Level 3.8 Armour
 - Level 2.6 Dodging
 * Level 3.5 Evocations


You had 6 spell levels left.
You didn't know any spells.
Your spell library was empty.

Dungeon Overview and Level Annotations

Branches:
Dungeon (4/15)              Sewer (visited)
 Temple: D:4-7

Altars:
Fedhas
Hepliaklqana
Makhleb
Nemelex Xobeh
Uskayaw
Yredelemnul

Annotations:
D:3 2 transporters


Innate Abilities, Weirdness & Mutations

You are too large for most types of armour.
You have a pair of small horns on your head.
You have tough skin. (AC +1)
You gain doubled healing and magic from potions.
Whenever you drink a healing potion, you attack all around you.


Message History

The sleepcap releases spores at you. The orc barely misses you.
The sleepcap attacks as it pursues you! The sleepcap releases spores at you.
You are engulfed in a cloud of soporific spores!
You fall asleep.
The orc hits you with a +0 hand axe!
You wake up.
* * * LOW HITPOINT WARNING * * *
The sleepcap barely misses you. The orc hits you but does no damage.
You barely miss the orc. You headbutt the orc.
The orc is almost dead.
The orc barely misses you.
You closely miss the orc.
The orc is almost dead.
The orc closely misses you.
You hit the orc.
You kill the orc!
Trog accepts your kill.
You hit the black bear but do no damage.
The black bear is poisoned.
The black bear bites you!
* * * LOW HITPOINT WARNING * * *
The black bear claws you but does no damage. x2
You barely miss the black bear. Your headbutt misses the black bear.
The black bear closely misses you. The black bear misses you.
The black bear claws you.
* * * LOW HITPOINT WARNING * * *
Okay, then.
Okay, then.
The black bear attacks as it pursues you!
The black bear bites you.
* * * LOW HITPOINT WARNING * * *
The black bear barely misses you. The black bear closely misses you.
The black bear attacks as it pursues you!
The black bear bites you.
* * * LOW HITPOINT WARNING * * *
The black bear barely misses you.
The black bear claws you but does no damage.
It was a potion of attraction.
You feel attractive to monsters. The black bear bites you.
You die...

####### #....# ... ... .......
#....# ###.#....? ......
###....###)$....... #......
#......##.)#....... ..#
#...).##....... .## #.. #..####
....... ## #.#.####...# .......
.# #......hf#.# .......
.###########.##.@..#... h......
.....<#......##..#....#.........
.............##.###.......
................# #....#.
.........†....## . ....#
..................###...#
..............####.. ...#
...>..........# ##.##
.............## #... ..


You could see a black bear (poisoned) and a sleepcap.

Vanquished Creatures
  2 crocodiles (Sewer)
  An ogre (D:4)
  A scorpion (D:4)
  A jelly (D:4)
  A bombardier beetle (D:4)
  An iguana (D:4)
  A sickly merfolk siren (Sewer)
  A malarious merfolk avatar (Sewer)
  11 adders
  4 gnolls (D:4)
  3 river rats (Sewer)
  3 dart slugs
  13 orcs
  9 endoplasms
  6 giant cockroaches
  3 goblins (D:3)
  9 hobgoblins
  7 jackals (D:1)
  8 kobolds
  9 quokkas
  11 ball pythons
  8 bats
  12 frilled lizards
  38 rats
163 creatures vanquished.

Notes
Turn   | Place    | Note
-------+----------+-------------------------------------------
     0 | D:1      | Gadfly the Oni Berserker began the quest for the Orb.
     0 | D:1      | Reached XP level 1. HP: 24/24 MP: 1/1
    70 | D:1      | Reached XP level 2. HP: 20/32 MP: 2/2
   222 | D:1      | Reached ** piety under Trog
   223 | D:1      | Reached skill level 1 in Armour
   223 | D:1      | Reached XP level 3. HP: 37/39 MP: 3/3
   274 | D:1      | Reached skill level 1 in Evocations
   937 | D:2      | Reached XP level 4. HP: 35/49 MP: 4/4
  1347 | D:2      | Found a faded altar of an unknown god.
  1412 | D:2      | Reached *** piety under Trog
  2107 | D:3      | Reached XP level 5. HP: 45/55 MP: 5/5
  2738 | D:3      | Found a transporter.
  2788 | D:3      | Found a transporter.
  2987 | D:3      | Found a hazy altar of Hepliaklqana.
  2987 | D:3      | Found a basalt altar of Yredelemnul.
  3119 | D:4      | Noticed an ogre
  3127 | D:4      | Killed an ogre
  3128 | D:4      | Reached XP level 6. HP: 65/65 MP: 6/6
  3241 | D:4      | Reached skill level 5 in Fighting
  3382 | D:4      | Found a sparkling altar of Nemelex Xobeh.
  3383 | D:4      | Found a burning altar of Makhleb.
  3388 | D:4      | Found a blossoming altar of Fedhas.
  3532 | D:4      | Found a glowing drain.
  3550 | Sewer    | Entered a sewer
  3720 | Sewer    | Reached **** piety under Trog
  3778 | Sewer    | Reached XP level 7. HP: 72/72 MP: 7/7
  4017 | Sewer    | Reached skill level 5 in Maces & Flails
  4550 | D:4      | Found a hide-covered altar of Uskayaw.
  4594 | D:4      | HP: 1/74 [black bear (5)]
  4595 | D:4      | Slain by a black bear

Illustrated notes

Levels and vault maps discovered:
D:1:      minmay_arrival_loop, layout_loops_ring, chequers_avenue,
          chequers_serial_rivers_small_a, minmay_rat_gold_closets
D:2:      kennysheep_six_static_rooms, layout_rooms,
          hellmonk_ecumenical_altar_arch_garden, minmay_misc_feat_iff
D:3:      layout_basic, gammafunk_temple_overflow_wave,
          gammafunk_ghost_gnarly_gnolls
D:4:      layout_rooms, nicolae_overflow_hallway_of_the_gods, lemuel_tele_altar,
          portal_sewer_entry_d

Skill      XL: |  1  2  3  4  5  6  7 |
---------------+----------------------+-----
Armour         | 1 2 3 |  3.8
Evocations     | 1 2 3 |  3.5
Maces & Flails | 4 5 |  5.4
Fighting       | 5 |  5.8
Dodging        | |  2.6

Action                     |  1- 3 |  4- 6 |  7- 9 || total
---------------------------+-------+-------+-------++-------
  Melee: Mace              |    59 |       |       ||    59
         Headbutt          |    13 |    36 |    26 ||    75
         Dagger            |    44 |   188 |   114 ||   346
         Punch             |       |     1 |     2 ||     3
         Flail             |       |       |    15 ||    15
    Use: Scroll            |       |    10 |       ||    10
         Potion            |       |       |     1 ||     1
   Stab: Sleeping          |     2 |     1 |       ||     3
 Armour: Animal skin       |    64 |   114 |    70 ||   248
  Dodge: Dodged            |    56 |    90 |    48 ||   194
